 Dungeon Crawl Stone Soup version 0.27-a0-1302-g7736ffe575 (webtiles) character file.

Game seed: 12266301362816452669

102 Ijustatesigmund the Skirmisher (level 4, 0/33 HPs)
             Began as a Demonspawn Fighter on June 18, 2021.
             Succumbed to Crazy Yiuf's poison
             ... on level 2 of the Dungeon.
             The game lasted 00:04:03 (2699 turns).

Ijustatesigmund the Skirmisher (Demonspawn Fighter) Turns: 2699, Time: 00:04:03

Health: 0/33       AC:  7    Str: 16    XL:     4   Next: 50%
Magic:  4/4        EV: 11    Int: 11    God:
Gold:   130        SH: 13    Dex: 16    Spells: 3/3 levels left

rFire    . . .     SeeInvis .   a - +0 war axe
rCold    . . .     Faith    .   c - +0 kite shield
rNeg     . . .     Spirit   .   b - +0 scale mail
rPois    .         Reflect  .   (helmet restricted)
rElec    .         Harm     .   (no cloak)
rCorr    .         Rampage  .   e - +0 pair of gloves
Will     .....                  (no boots)
Stlth    +.........             (no amulet)
HPRegen  0.11/turn              (no ring)
MPRegen  0.09/turn              (no ring)

@: agile, lethally poisoned (0 -> -1)
A: antennae 1, thin skeletal structure 1, demonic guardian 1, large bone plates
1, clever 1, frail 1
a: no special abilities


You were on level 2 of the Dungeon.
You visited 1 branch of the dungeon, and saw 2 of its levels.

You collected 130 gold pieces.

Inventory:

Hand Weapons
 a - a +0 war axe (weapon)
Armour
 b - a +0 scale mail (worn)
 c - a +0 kite shield (worn)
 e - a +0 pair of gloves (worn)
Jewellery
 d - an amulet of faith
Scrolls
 f - 5 scrolls of identify {unknown}
 h - a scroll of noise {unknown}


   Skills:
 + Level 3.9 Fighting
 * Level 3.7 Axes
 - Level 2.6 Armour
 - Level 2.6 Shields


You had 3 spell levels left.
You didn't know any spells.
Your spell library was empty.

Dungeon Overview and Level Annotations

Branches:
Dungeon (2/15)

Altars:


Innate Abilities, Weirdness & Mutations

You have a pair of small antennae on your head.
You have a somewhat thin skeletal structure. (Dex +2, Stealth+)
A weak demonic guardian rushes to your aid.
You are partially covered in large bone plates. (SH +4)
Your mind is acute. (Int +2)
You are frail. (-10% HP)


Message History

Crazy Yiuf is heavily wounded.
Crazy Yiuf hits you with a +4 quarterstaff of chaos.
You are poisoned.
Crazy Yiuf flaps his cloak.
Crazy Yiuf barely misses you.
Your shield and scale mail prevent you from hitting Crazy Yiuf.
Crazy Yiuf is heavily wounded.
You feel very sick.
Crazy Yiuf sings, "Trees, trees, trees, circus!"
Crazy Yiuf hits you with a +4 quarterstaff of chaos!
* * * LOW HITPOINT WARNING * * *
A demonic guardian appears!
You feel agile all of a sudden. Crazy Yiuf closely misses you.
It was a potion of mutation.
You feel extremely strange.
You feel frail.
You feel clever.
Large bone plates grow over parts of your arms.
* * * LOW HITPOINT WARNING * * *
You feel sick. You block Crazy Yiuf's attack.
Your shadow imp closely misses Crazy Yiuf.
You completely miss Crazy Yiuf.
Crazy Yiuf is heavily wounded.
* * * LOW HITPOINT WARNING * * *
You feel sick.
Your shadow imp hits Crazy Yiuf.
Crazy Yiuf barely misses you.
You hit Crazy Yiuf.
Crazy Yiuf is severely wounded.
* * * LOW HITPOINT WARNING * * *
You feel sick.
Your shadow imp hits Crazy Yiuf but does no damage.
Crazy Yiuf hits your shadow imp with a +4 quarterstaff of chaos.
Your shadow imp resists with some effort.
Your shadow imp hits Crazy Yiuf.
Crazy Yiuf hits your shadow imp with a +4 quarterstaff of chaos!
Your shadow imp dies!
Crazy Yiuf shouts!
You slash Crazy Yiuf!
You kill Crazy Yiuf!
* * * LOW HITPOINT WARNING * * *
You feel sick.
You die...

###..##### #.## ###.# #...######
#..# ##.... #.#......#
##.######..### ### #.#......#
#........## ..## ##########
##..######### ..## #.## #...
###..# ##.# #... ..#.###♣♣ #####
#..## #... #....#..♣♣ ♣♣#)@)#
##..######... #........♣♣♣♣.'...#
#........#... #.#......)♣..♣#...#
#...#.####... #.####...♣)♣♣♣#####
###...# #... ..# ##♣♣♣♣♣
##...####... ### ##..#...##...
### ###### #...#.#.##...
######.####..#.#### ###.#.#[.#...
.......#..........#####.#....#...


There were no monsters in sight!

Vanquished Creatures
  Crazy Yiuf (D:2)
  2 adders (D:2)
  A worm (D:2)
  A dart slug (D:1)
  3 endoplasms
  5 giant cockroaches
  A goblin (D:1)
  5 hobgoblins
  2 jackals (D:2)
  4 quokkas
  A ball python (D:2)
  5 bats
  2 frilled lizards (D:1)
  11 kobolds
  5 rats
49 creatures vanquished.

Vanquished Creatures (collateral kills)
  A kobold (D:2)
1 creature vanquished.

Grand Total: 50 creatures vanquished

Notes
Turn   | Place    | Note
-------+----------+-------------------------------------------
     0 | D:1      | Ijustatesigmund the Demonspawn Fighter began the quest for
                  | the Orb.
     0 | D:1      | Reached XP level 1. HP: 18/18 MP: 1/1
    42 | D:1      | Found a faded altar of an unknown god.
   268 | D:1      | Gained mutation: You have a somewhat thin skeletal
                  | structure. (Dex +2, Stealth+) [demonic ancestry]
   268 | D:1      | Reached XP level 2. HP: 20/24 MP: 2/2
   967 | D:1      | Gained mutation: You have a pair of small antennae on your
                  | head. [demonic ancestry]
   967 | D:1      | Reached XP level 3. HP: 29/29 MP: 3/3
  2506 | D:2      | Gained mutation: A weak demonic guardian rushes to your
                  | aid. [demonic ancestry]
  2506 | D:2      | Reached XP level 4. HP: 37/37 MP: 4/4
  2683 | D:2      | Found a runed translucent door.
  2684 | D:2      | Noticed Crazy Yiuf
  2695 | D:2      | Gained mutation: You are frail. (-10% HP) [potion of
                  | mutation]
  2695 | D:2      | Gained mutation: Your mind is acute. (Int +2) [potion of
                  | mutation]
  2695 | D:2      | Gained mutation: You are partially covered in large bone
                  | plates. (SH +4) [potion of mutation]
  2697 | D:2      | HP: 1/33 [poisoned by Crazy Yiuf]
  2698 | D:2      | Killed Crazy Yiuf
  2699 | D:2      | Succumbed to Crazy Yiuf's poison

Illustrated notes

Levels and vault maps discovered:
D:1:      shiori_arrival_elements, layout_loops_ring,
          ebering_ecumenical_altar_hall, chequers_serial_rivers_large_b
D:2:      layout_rooms, st_stairs_6, kennysheep_path_1,
          minmay_fractal_squares_gapless_5, uniq_crazy_yiuf_cottage,
          uniq_jessica

Skill      XL: |  1  2  3 |
---------------+----------+-----
Axes           | 2 3 |  3.7
Fighting       | |  3.9
Armour         | |  2.6
Shields        | |  2.6

Action                   |  1- 3 |  4- 6 || total
-------------------------+-------+-------++-------
Melee: War axe           |   123 |    20 ||   143
  Use: Potion            |     1 |     1 ||     2
Armor: Scale mail        |    70 |     5 ||    75
Dodge: Dodged            |    33 |     6 ||    39
Block: Kite shield       |    61 |    11 ||    72

Table legend: (Time is in decaauts)
 A = Elapsed time spent in this place.
 B = Non-inter-level travel time spent in this place.
 C = Inter-level travel time spent in this place.
 D = Time resting spent in this place.
 E = Time spent auto-exploring this place.
 F = Levels seen in this place.
 G = Mean time per level.
                   A        B        C        D        E       F      G
               +--------+--------+--------+--------+--------+-----+--------+
         Total |   2813 |   2759 |     54 |    545 |   1815 |   2 | 1406.5 |
       Dungeon |   2813 |   2759 |     54 |    545 |   1815 |   2 | 1406.5 |
               +--------+--------+--------+--------+--------+-----+--------+

Top non-repeatable levels by time:
     D:1: 1729 daAuts
     D:2: 1084 daAuts
